AoeStats
← DanielMagnani

Arena

504597929Analyzed
2v2 RM · 26d ago on Sep 5, 2026· 52m 55s· 4 players
Game mode
Random Map
Map size
Medium (4 player)
Population
200
Speed
Normal
Resources
Standard
Victory
Conquest
Starting age
Dark Age
Ending age
Imperial Age
RankedLock teamsTeams togetherTeam positionsShared explorationLock speedFull tech treeHidden civsTurbo modeCheats
Victory
Defeat
🇧🇷 Khmer · Brazil
1128
+12
🇺🇸 Persians · United States
1044
+16
🇪🇸 Byzantines · Spain
1080
-16
🇪🇸 Persians · Spain
997
-12
TheDafey
12:25 Feudal Age
16:31 Castle Age
14:21 Double-Bit Axe
14:45 Horse Collar
16:12 Stone Mining
17:36 Loom
20:35 Fletching
20:45 Padded Archer Armor
25:03 Kamandaran
29:26 Bow Saw
30:05 Ballistics
30:00 Murder Holes
30:23 Bodkin Arrow
30:44 Leather Archer Armor
30:04 Crossbowman
35:22 Imperial Age
33:25 Leather Archer Armor
33:31 Town Watch
34:22 Wheelbarrow
35:19 Hand Cart
36:26 Onager
37:30 Thumb Ring
37:46 Citadels
37:26 Capped Ram
39:33 Two-Man Saw
41:05 Pikeman
41:46 Squires
41:31 Arson
44:03 Conscription
44:20 Hoardings
43:34 Halberdier
45:28 Forging
45:18 Scale Mail Armor
49:39 Iron Casting
49:19 Chain Mail Armor
Barcelona007
11:58 Feudal Age
13:07 Horse Collar
14:20 Gold Mining
16:38 Castle Age
15:40 Forging
24:42 Loom
28:07 Imperial Age
26:13 Wheelbarrow
26:30 Gold Shaft Mining
26:00 Heavy Plow
25:57 Double-Bit Axe
26:16 Scale Mail Armor
25:41 Pikeman
27:09 Bow Saw
27:57 Squires
27:43 Arson
28:17 Chain Mail Armor
28:38 Iron Casting
29:12 Hand Cart
29:44 Theocracy
29:27 Block Printing
28:56 Halberdier
30:41 Sanctity
31:42 Chemistry
30:53 Fortified Wall
33:13 Plate Mail Armor
32:54 Gambesons
33:35 Murder Holes
35:53 Ballistics
35:26 Fletching
37:22 Conscription
37:53 Crop Rotation
38:29 Two-Man Saw
46:50 Bodkin Arrow
47:18 Bombard Tower
46:40 Treadmill Crane
49:05 Bracer
Hiltera
12:09 Feudal Age
14:00 Double-Bit Axe
14:01 Horse Collar
14:13 Gold Mining
16:27 Castle Age
15:07 Stone Mining
19:22 Loom
29:02 Imperial Age
28:43 Elite War Elephant
29:31 Scale Barding Armor
29:47 Forging
31:13 Conscription
32:03 Chain Barding Armor
33:27 Iron Casting
33:09 Bloodlines
33:00 Husbandry
33:12 Bloodlines
34:03 Plate Barding Armor
34:56 Bow Saw
34:48 Heavy Plow
35:25 Gold Shaft Mining
35:27 Stone Shaft Mining
34:44 Town Watch
35:47 Wheelbarrow
37:22 Blast Furnace
38:52 Caravan
39:06 Pikeman
39:46 Squires
39:48 Scale Mail Armor
39:53 Kamandaran
41:16 Two-Man Saw
40:46 Fletching
40:17 Crossbowman
41:07 Thumb Ring
41:05 Halberdier
43:04 Bodkin Arrow
45:48 Hoardings
45:16 Padded Archer Armor
45:32 Chain Mail Armor
46:20 Devotion
47:45 Faith
49:00 Chemistry
48:13 Masonry
47:59 Murder Holes
53:42 Guilds
DanielMagnani
10:54 Feudal Age
14:17 Castle Age
12:26 Double-Bit Axe
12:21 Horse Collar
12:58 Gold Mining
13:22 Loom
15:27 Bow Saw
21:39 Heavy Plow
22:18 Wheelbarrow
21:51 Stone Mining
27:45 Imperial Age
26:07 Town Watch
26:48 Hand Cart
26:56 Hand Cart
27:40 Gold Shaft Mining
27:41 Stone Shaft Mining
28:09 Elite Ballista Elephant
28:54 Double Crossbow
29:15 Conscription
28:49 Fletching
29:05 Scale Barding Armor
29:03 Padded Archer Armor
31:13 Ballistics
32:09 Chemistry
31:48 Bodkin Arrow
32:14 Chain Barding Armor
32:40 Crop Rotation
34:55 Bloodlines
34:46 Husbandry
35:46 Elite Battle Elephant
37:09 Plate Barding Armor
36:45 Forging
43:21 Light Cavalry
44:38 Iron Casting
44:04 Bracer
47:21 Hussar
49:03 Blast Furnace
50:35 Caravan
Connection lost

Rejoining the realm…

Still unreachable

The connection could not be restored.

Session expired

The server has moved on; the page needs a fresh start.